 Dungeon Crawl Stone Soup version 0.30-a0-782-ge64f9170bb (webtiles) character file.

Game seed: 7204596503344862235

63 Dirian the Covered (level 3, -4/33 HPs)
             Began as a Minotaur Fighter on Mar 7, 2023.
             Slain by Grinder (7 damage)
             ... on level 3 of the Dungeon.
             The game lasted 00:02:31 (1690 turns).

Dirian the Covered (Minotaur Fighter)               Turns: 1690, Time: 00:02:32

Health: -4/33      AC:  9    Str: 22    XL:     3   Next: 89%
Magic:  0/2        EV:  9    Int:  5    God:
Gold:   91         SH:  4    Dex:  9    Spells: 2/2 levels left

rFire   . . .      SeeInvis .    a - +0 war axe
rCold   . . .      Faith    .    c - +0 buckler
rNeg    . . .      Spirit   +    b - +0 scale mail
rPois   .          Reflect  .    (helmet restricted)
rElec   .          Harm     .    (no cloak)
rCorr   .          Rampage  .    i - +0 pair of gloves
Will    .....                    h - +0 pair of boots Stlth
                                 j - amulet of guardian spirit
HPRegen 0.25/turn                (no ring)
MPRegen 0.08/turn                (no ring)

@: mighty
A: horns 2, retaliatory headbutt
a: no special abilities


You were on level 3 of the Dungeon.
You visited 1 branch of the dungeon, and saw 3 of its levels.

You collected 91 gold pieces.

Inventory:

Hand Weapons
 a - a +0 war axe (weapon)
Armour
 b - a +0 scale mail (worn)
 c - a +0 buckler (worn)
 g - a +0 chain mail
 h - a +0 pair of boots (worn)
 i - a +0 pair of gloves (worn)
Jewellery
 j - an amulet of guardian spirit (around neck)
Scrolls
 e - 2 scrolls of identify {unknown}
 f - 2 scrolls of teleportation {unknown}
 l - a scroll of blinking {unknown}
 n - a scroll of enchant armour {unknown}
 o - a scroll of magic mapping {unknown}
 q - a scroll of brand weapon {unknown}
 r - a scroll of torment {unknown}
 s - a scroll of fear {unknown}
Potions
 k - 2 potions of berserk rage {unknown}
 m - a potion of brilliance {unknown}
 p - a potion of ambrosia {unknown}
 t - a potion of resistance {unknown}


   Skills:
 + Level 4.1 Fighting
 + Level 3.5 Axes
 + Level 4.2 Armour
 + Level 0.2 Dodging
 + Level 4.2 Shields


You had 2 spell levels left.
You didn't know any spells.
Your spell library contained the following spells:

 Spells                   Type           Power      Damage    Failure   Level
 Tukima's Dance           Hex            0%         N/A       99%         3
 Passage of Golubria      Tloc           0%         N/A       100%        4
 Yara's Violent Unravell  Hex/Tmut       0%         3d3       100%        5


Dungeon Overview and Level Annotations

Branches:
Dungeon (3/15) Zot: 16279

Altars:

Shops:
D:2 !

Annotations:
D:3 Grinder


Innate Abilities, Weirdness & Mutations

You have a pair of horns on your head.
You reflexively headbutt those who attack you in melee.


Message History

Grinder blinks!
Grinder gestures at you. Pain shoots through your body!
Grinder hits you but does no damage.
You closely miss Grinder.
Grinder blinks!
Grinder says, "Tell me all your secrets, or I'll kill you."
Grinder gestures at you.
You suddenly lose the ability to move!
Grinder hits you but does no damage.
You can move again.
You barely miss Grinder. You block Grinder's attack. x2
You hit Grinder.
Grinder is lightly wounded.
Grinder hits you but does no damage.
You closely miss Grinder. Your headbutt misses Grinder.
Grinder is lightly wounded.
Grinder hits you but does no damage.
You hit Grinder.
Grinder is moderately wounded.
Grinder barely misses you.
Grinder blinks!
You hit Grinder. You headbutt Grinder!
Grinder is heavily wounded.
Grinder hits you but does no damage.
You hit Grinder.
Grinder is severely wounded.
Grinder hits you but does no damage.
You hit Grinder.
Grinder is severely wounded.
Grinder gestures at you.
You suddenly lose the ability to move!
Grinder hits you.
You writhe in agony.
Grinder hits you!
You writhe in agony.
Grinder hits you.
* * * LOW HITPOINT WARNING * * *
You writhe in agony.
* * * LOW HITPOINT WARNING * * *
Grinder hits you but does no damage.
You can move again.
You feel very mighty all of a sudden. Grinder hits you!
You die...

#....<...# #......#
.....####..# ######.## ###
#..... #.#####...# #.#####
#)......... #.#
##..####...# #.#
.........## #.# #
##.#####.#
>.####.######.###...## #.#
#..........@5..##.....###.#
........#.................#
#.#######.#######.....#####
#.##### ##...## #.....#
##.## #####.# #.########
#.# #......... ##.##
#.######## ##...## #.#


You could see Grinder.

Vanquished Creatures
  2 adders
  A worm (D:3)
  7 bats
  5 endoplasms
  4 giant cockroaches
  6 jackals (D:2)
  3 kobolds
  A quokka (D:1)
  A ball python (D:1)
  A frilled lizard (D:2)
  7 goblins
38 creatures vanquished.

Notes
Turn   | Place    | Note
-------+----------+-------------------------------------------
     0 | D:1      | Dirian the Minotaur Fighter began the quest for the Orb.
     0 | D:1      | Reached XP level 1. HP: 19/19 MP: 0/0
   191 | D:1      | Found a faded altar of an unknown god.
   332 | D:1      | Reached XP level 2. HP: 27/27 MP: 1/1
  1047 | D:2      | Reached XP level 3. HP: 28/33 MP: 2/2
  1086 | D:2      | Found Eckiengaut's Distillery.
  1661 | D:3      | Noticed Grinder
  1661 | D:3      | Paralysed by Grinder for 3 turns
  1675 | D:3      | Paralysed by Grinder for 4 turns
  1686 | D:3      | Paralysed by Grinder for 4 turns
  1690 | D:3      | Slain by Grinder

Illustrated notes

Levels and vault maps discovered:
D:1:      dpeg_arrival_round_b, layout_loops_corners, basic_ecumenical_altar
D:2:      layout_loops_cross, serial_shops, shop
D:3:      layout_loops_ring, serial_shops, nicolae_shop_statue_plus, uniq_robin,
          uniq_grinder

Skill      XL: |  1  2 |
---------------+-------+-----
Fighting       | 4 |  4.1
Shields        | 4 |  4.2
Armour         | 4 |  4.2
Axes           | 3 |  3.5
Dodging        | |  0.2

Action                     || total
---------------------------++-------
  Melee: War axe           ||    77
         Headbutt          ||    12
    Use: Potion            ||     1
 Armour: Scale mail        ||    39
  Dodge: Dodged            ||    36
  Block: Buckler           ||    15

Table legend: (Time is in decaauts)
 A = Elapsed time spent in this place.
 B = Non-inter-level travel time spent in this place.
 C = Inter-level travel time spent in this place.
 D = Time resting spent in this place.
 E = Time spent auto-exploring this place.
 F = Levels seen in this place.
 G = Mean time per level.
                   A        B        C        D        E       F      G
               +--------+--------+--------+--------+--------+-----+--------+
         Total |   1719 |   1636 |     83 |      0 |   1341 |   3 |  573.0 |
       Dungeon |   1719 |   1636 |     83 |      0 |   1341 |   3 |  573.0 |
               +--------+--------+--------+--------+--------+-----+--------+

Top non-repeatable levels by time:
     D:1: 941 daAuts
     D:2: 565 daAuts
     D:3: 212 daAuts
